 Dungeon Crawl Stone Soup version 0.19.0-2-gae57169 (webtiles) character file.

150 dvd the Stinger (level 5, -3/29 HPs)
             Began as an Octopode Venom Mage on Nov 6, 2016.
             Was an Initiate of Hepliaklqana.
             Slain by Grinder (4 damage)
             ... on level 3 of the Dungeon.
             The game lasted 00:08:35 (2843 turns).

dvd the Stinger (Octopode Venom Mage)               Turns: 2843, Time: 00:08:37

Health: -3/29      AC:  1    Str:  7    XL:     5   Next: 32%
Magic:  8/9        EV: 13    Int: 18    God:    Hepliaklqana [......]
Gold:   106        SH:  0    Dex: 13    Spells: 2 memorised, 5 levels left

rFire  . . .     SeeInvis .     e - +0 short sword
rCold  . . .     Gourm    .     (no shield)
rNeg   . . .     Faith    .     (helmet restricted)
rPois  .         Spirit   .     (no amulet)
rElec  .         Reflect  .     c - ring of resist corrosion
rCorr  +         Harm     .     (no ring)
MR     .....                    (no ring)
Stlth  +++.......               (no ring)
                                (no ring)
                                (no ring)
                                (no ring)
                                (no ring)

@: flying
A: almost no armour, stealthy swim, amphibious, 8 rings, constrict 8, reduced
essence, camouflage 1, gelatinous body 1
a: Recall Ancestor, Ancestor Identity, Renounce Religion


You were on level 3 of the Dungeon.
You worshipped Hepliaklqana.
Hepliaklqana was noncommittal.
You were not hungry.

You visited 1 branch of the dungeon, and saw 3 of its levels.

You collected 106 gold pieces.

Inventory:

Hand Weapons
 e - a +0 short sword (weapon)
 h - a +0 war axe
 i - a +0 whip
 k - a +0 mace
Jewellery
 c - a ring of resist corrosion (left tentacle)
Scrolls
 d - a scroll of identify
 j - a scroll of teleportation
 s - a scroll of recharging {unknown}
 t - a scroll of magic mapping
Potions
 l - a potion of resistance
 p - a potion of haste {unknown}
 r - a potion of lignification {unknown}
Books
 a - a Young Poisoner's Handbook

   Spells                             Type                      Level
   a - Sting                          Conjuration/Poison           1
   b - Mephitic Cloud                 Conjuration/Poison/Air       3
   c - Olgreb's Toxic Radiance        Poison                       4
   d - Alistair's Intoxication        Transmutation/Poison         5
   e - Venom Bolt                     Conjuration/Poison           5
Comestibles
 b - 3 bread rations
 g - 4 meat rations
 m - a chunk of flesh
 n - a slice of pizza
 q - a beef jerky


   Skills:
 + Level 1.0 Fighting
 + Level 0.4 Short Blades
 + Level 2.0 Dodging
 + Level 3.7 Stealth
 + Level 2.9 Spellcasting
 + Level 1.7 Conjurations
 + Level 0.4 Air Magic
 + Level 5.9 Poison Magic


You had 5 spell levels left.
You knew the following spells:

 Your Spells              Type           Power        Failure   Level  Hunger
a - Sting                 Conj/Pois      ###.         3%          1    None
b - Mephitic Cloud        Conj/Pois/Air  ##......     21%         3    ###....


Dungeon Overview and Level Annotations

Branches:
Dungeon (3/15)

Altars:
Hepliaklqana

Annotations:
D:3 Grinder


Innate Abilities, Weirdness & Mutations

You cannot wear most types of armour.
You are very stealthy in the water. (Stealth+)
You are amphibious.
You can wear up to eight rings at the same time.
You can use your tentacles to constrict eight enemies at once.
Your skin changes colour to match your surroundings (Stealth+).
Your rubbery body absorbs attacks. (AC +1, EV +1)
Your life essence is reduced. (-10% HP)


Message History

You hit Grinder but do no damage.
Grinder is heavily wounded.
You constrict Grinder.
Tenoch hits Grinder but does no damage.
Grinder barely misses you.
It was a potion of flight.
You feel very buoyant.
You fly up into the air.
You constrict Grinder.
Tenoch hits Grinder but does no damage.
Grinder misses you.
It was a potion of curing.
You feel better.
You constrict Grinder.
Tenoch hits Grinder.
Grinder hits you!
* * * LOW HITPOINT WARNING * * *
You writhe in agony.
* * * LOW HITPOINT WARNING * * *
You hit Grinder but do no damage.
Grinder is severely wounded.
You constrict Grinder.
Tenoch hits Grinder but does no damage.
Grinder hits you.
* * * LOW HITPOINT WARNING * * *
You writhe in agony.
You die...

.##.# #.. ....# #.#
.#### #.# ...#
######.#### ##.#
#.........# ##.## #..#
#....#
#...######..###....###
................R5...+
#...######..#...@..###
..^...).##..#.##...#
.#.####.##..#.###..#
.#.# #.##..... ..#
.#.####.#####.# ###
.#...##.# #.#
.###.##.# #.#
......>.# ####.####


You could see the friendly Tenoch the ancestor and Grinder.

Vanquished Creatures
  An orc wizard (D:3)
  2 adders
  An ooze (D:2)
  2 worms
  3 leopard geckos (D:3)
  6 bats (D:1)
  A giant cockroach (D:1)
  6 goblins
  7 hobgoblins
  7 jackals
  6 kobolds
  2 quokkas (D:2)
  3 frilled lizards
  4 rats (D:1)
51 creatures vanquished.

Vanquished Creatures (collateral kills)
  An orc priest (D:3)
  An orc (D:3)
  6 jackals (D:3)
8 creatures vanquished.

Vanquished Creatures (others)
  An ancestor (D:3)
1 creature vanquished.

Grand Total: 60 creatures vanquished

Notes
Turn   | Place    | Note
-------+----------+-------------------------------------------
     0 | D:1      | dvd the Octopode Venom Mage began the quest for the Orb.
     0 | D:1      | Reached XP level 1. HP: 11/11 MP: 3/3
    65 | D:1      | Reached skill level 5 in Poison Magic
   200 | D:1      | Reached XP level 2. HP: 17/17 MP: 1/5
   613 | D:1      | Reached XP level 3. HP: 19/21 MP: 3/6
  1117 | D:2      | Learned a level 3 spell: Mephitic Cloud
  1246 | D:2      | Reached skill level 1 in Conjurations
  1606 | D:2      | Reached XP level 4. HP: 11/27 MP: 1/7
  2326 | D:3      | Found a hazy altar of Hepliaklqana.
  2340 | D:3      | Became a worshipper of Hepliaklqana the Forgotten
  2569 | D:3      | Reached skill level 1 in Fighting
  2569 | D:3      | Reached XP level 5. HP: 29/29 MP: 4/9
  2826 | D:3      | Noticed Grinder
  2830 | D:3      | Paralysed by Grinder for 2 turns
  2843 | D:3      | HP: 1/29 [Grinder (2)]
  2843 | D:3      | Slain by Grinder

Skill      XL: |  1  2  3  4 |
---------------+-------------+-----
Poison Magic   | 5 |  5.9
Stealth        | 3 |  3.7
Conjurations   | 1 |  1.7
Fighting       | 1 |  1.0
Short Blades   | |  0.4
Dodging        | |  2.0
Spellcasting   | |  2.9
Air Magic      | |  0.4

Action                   |  1- 3 |  4- 6 || total
-------------------------+-------+-------++-------
Melee: Short sword       |    12 |     8 ||    20
       Constrict         |     5 |     7 ||    12
       Tentacles         |     1 |     5 ||     6
       Dagger            |     6 |    20 ||    26
 Cast: Sting             |    71 |    22 ||    93
       Mephitic Cloud    |       |     1 ||     1
Invok: Recall Ancestor   |       |     1 ||     1
  Use: Scroll            |     4 |     1 ||     5
       Potion            |       |     2 ||     2
 Stab: Sleeping          |     2 |     2 ||     4
  Eat: Chunk             |     3 |     4 ||     7
Armor: Skin              |     3 |       ||     3
Dodge: Dodged            |    29 |    18 ||    47
